cohdb
Replays
Latest Replays
All Replays
Popular Replays
Top Player Replays
Match Explorer
How It Works
Community
CoH3 Stats
Reddit
Sign in to upload your games and track your stats! →
Sign in with Steam
Match 44520287
Unlisted
Match 44520287
Overview
Messages
Build Orders
End
Vickers Machine Gun Team
Selects Air and Sea Battlegroup
Construct Section Command Post
Infantry Section
Dingo Light Scout Car
Infantry Section
Construct Platoon Command Post
Selects Naval Blockade
Humber Armored Car
Light Vehicle Training
Selects Commando Section Paradrop
Selects M1 Pack Howitzer Paradrop
Commando Section Paradrop
Grenade Package
Infantry Training
Selects UNKNOWN (223837)
Naval Blockade
6-pounder Anti-tank Gun Team
Construct Company Command Post
Centaur IV Medium Tank
Construct Field Infirmary
Selects Naval Bombardment
Unlock Towed 17-pounder Anti-tank Guns
Royal Engineer Section
Centaur IV Medium Tank
Centaur IV Medium Tank
Infantry Section
Selects Anti-tank Rocket Loiter
Foot Guards Section
robwarrior
RH_131
0
0
Comments
sign in to comment!
No comments posted yet!